 Dungeon Crawl Stone Soup version 0.30-a0-371-gad7725a93e (webtiles) character file.

Game seed: 4866281638051935315

128 JOEMAMA2 the Chopper (level 4, -1/41 HPs)
             Began as a Minotaur Berserker on Nov 20, 2022.
             Was a Believer of Trog.
             Succumbed to Edmund's poison
             ... on level 4 of the Dungeon.
             The game lasted 00:04:29 (1909 turns).

JOEMAMA2 the Chopper (Minotaur Berserker)           Turns: 1909, Time: 00:04:30

Health: -1/41      AC: 17    Str: 24    XL:     4   Next: 86%
Magic:  2/2        EV:  4    Int:  4    God:    Trog [**....]
Gold:   194        SH:  2    Dex:  9    Spells: 3/3 levels left

rFire   + . .      SeeInvis .    a - +0 hand axe
rCold   + . .      Faith    .    t - +0 buckler
rNeg    . . .      Spirit   .    e - +0 gold dragon scales
rPois   +          Reflect  .    (helmet restricted)
rElec   .          Harm     .    p - +0 cloak
rCorr   .          Rampage  .    (no gloves)
Will    .....                    (no boots)
Stlth   ..........               (no amulet)
HPRegen 0.26/turn                (no ring)
MPRegen 0.08/turn                (no ring)

@: lethally poisoned (-1 -> -7)
A: horns 2, retaliatory headbutt, iridescent scales 1, low MP 1, evolution 1
a: Renounce Religion, Berserk, Trog's Hand


You were on level 4 of the Dungeon.
You worshipped Trog.
Trog was pleased with you.
You visited 1 branch of the dungeon, and saw 4 of its levels.

You collected 194 gold pieces.

Inventory:

Hand Weapons
 a - a +0 hand axe (weapon)
Missiles
 c - a throwing net (quivered)
Armour
 b - a +0 animal skin
 e - +0 gold dragon scales (worn)
 p - a +0 cloak (worn)
 t - a +0 buckler (worn)
Scrolls
 f - a scroll of noise
 g - a scroll of silence {unknown}
 h - a scroll of amnesia
 m - a scroll of fear {unknown}
 o - a scroll of magic mapping {unknown}
 q - a scroll of teleportation {unknown}
 r - a scroll of poison {unknown}
 s - a scroll of identify
Potions
 d - 3 potions of mutation
 i - 2 potions of haste {unknown}
 j - 2 potions of attraction {unknown}
 k - 2 potions of flight {unknown}
 l - 2 potions of ambrosia {unknown}
 n - a potion of berserk rage {unknown}


   Skills:
 + Level 4.5 Fighting
 + Level 4.6 Axes
 + Level 3.7 Armour
 + Level 3.4 Dodging


You had 3 spell levels left.
You didn't know any spells.
Your spell library was empty.

Dungeon Overview and Level Annotations

Branches:
Dungeon (4/15)
 Temple: D:4-7

Altars:
Hepliaklqana

Shops:
D:1 (

Annotations:
D:4 Edmund


Innate Abilities, Weirdness & Mutations

You have a pair of horns on your head.
You reflexively headbutt those who attack you in melee.
You are partially covered in iridescent scales. (AC +2)
Your magical capacity is low. (-10% MP)
You have hidden genetic potential.


Message History

The ball python constricts you.
You hit the ball python.
You kill the ball python!
Trog accepts your kill.
Things that are here:
a +0 dagger; a ball python corpse; a goblin corpse You closely miss Edmund.
Edmund hits you but does no damage.
You hit Edmund.
Edmund is lightly wounded.
Edmund barely misses you.
You slash Edmund!
Edmund is moderately wounded.
Edmund hits you with a +0 dire flail of venom.
Edmund hits you with a +0 dire flail of venom!
You barely miss Edmund.
Edmund is moderately wounded.
Edmund hits you with a +0 dire flail of venom.
You hit Edmund.
Edmund is moderately wounded.
Edmund hits you with a +0 dire flail of venom.
You hit Edmund but do no damage.
Edmund is moderately wounded.
Edmund hits you with a +0 dire flail of venom.
You are poisoned.
Edmund attacks as you move away!
Edmund hits you with a +0 dire flail of venom.
You are more poisoned.
* * * LOW HITPOINT WARNING * * *
You feel very sick.
* * * LOW HITPOINT WARNING * * *
You feel very sick.
* * * LOW HITPOINT WARNING * * *
You feel sick.
Edmund hits you with a +0 dire flail of venom.
* * * LOW HITPOINT WARNING * * *
It was a potion of mutation.
You feel extremely strange.
You feel less energetic.
You feel a hidden potential growing inside you.
Iridescent scales grow over part of your body.
You die...

#......##.#...#
.......##.#...#
#.........<..#
##....#.##.###
###.#####.#(##.#
...........##.#
#.#####.####.##
... #........
#.#.#.##@.###.##
#.....)@..# #.#
###.#.###...# #.
##.# ## ##


You could see Edmund.

Vanquished Creatures
  An orc wizard (D:3)
  3 adders (D:3)
  A worm (D:2)
  A dart slug (D:2)
  5 orcs (D:3)
  4 endoplasms
  3 giant cockroaches
  7 goblins
  7 hobgoblins
  2 jackals (D:3)
  8 ball pythons
  5 bats
  4 frilled lizards
  5 kobolds
  9 rats
65 creatures vanquished.

Notes
Turn   | Place    | Note
-------+----------+-------------------------------------------
     0 | D:1      | JOEMAMA2 the Minotaur Berserker began the quest for the
                  | Orb.
     0 | D:1      | Reached XP level 1. HP: 19/19 MP: 0/0
   200 | D:1      | Found Fyimm's Antique Weapon Emporium.
   353 | D:1      | Reached XP level 2. HP: 24/27 MP: 1/1
   668 | D:1      | Reached ** piety under Trog
   993 | D:2      | Reached XP level 3. HP: 33/33 MP: 2/2
  1104 | D:2      | Found a hazy altar of Hepliaklqana.
  1398 | D:3      | Found a faded altar of an unknown god.
  1569 | D:3      | Reached XP level 4. HP: 41/41 MP: 3/3
  1894 | D:4      | Noticed Edmund
  1908 | D:4      | HP: 1/41 [Edmund/+0 dire flail of venom (6)]
  1909 | D:4      | Gained mutation: Your magical capacity is low. (-10% MP)
                  | [potion of mutation]
  1909 | D:4      | Gained mutation: You have hidden genetic potential. [potion
                  | of mutation]
  1909 | D:4      | Gained mutation: You are partially covered in iridescent
                  | scales. (AC +2) [potion of mutation]
  1909 | D:4      | Succumbed to Edmund's poison

Illustrated notes

Levels and vault maps discovered:
D:1:      tarquinn_simple_flora_water_b, layout_loops_corners, serial_shops,
          nicolae_shop_waterfront
D:2:      layout_rooms, basic_altar
D:3:      layout_rooms, basic_ecumenical_altar
D:4:      layout_basic, minmay_temple_entry_wispy, uniq_crazy_yiuf_cottage,
          uniq_edmund

Skill      XL: |  1  2  3 |
---------------+----------+-----
Axes           | 4 |  4.6
Fighting       | 4 |  4.5
Armour         | 3 |  3.7
Dodging        | 3 |  3.4

Action                   |  1- 3 |  4- 6 || total
-------------------------+-------+-------++-------
Melee: Hand axe          |   145 |    52 ||   197
       Headbutt          |    14 |     5 ||    19
  Use: Scroll            |     3 |       ||     3
       Potion            |       |     1 ||     1
Armor: Gold dragon scale |   115 |    47 ||   162
       Animal skin       |     2 |       ||     2
Dodge: Dodged            |    35 |     9 ||    44

Table legend: (Time is in decaauts)
 A = Elapsed time spent in this place.
 B = Non-inter-level travel time spent in this place.
 C = Inter-level travel time spent in this place.
 D = Time resting spent in this place.
 E = Time spent auto-exploring this place.
 F = Levels seen in this place.
 G = Mean time per level.
                   A        B        C        D        E       F      G
               +--------+--------+--------+--------+--------+-----+--------+
         Total |   1929 |   1839 |     90 |      0 |   1382 |   4 |  482.2 |
       Dungeon |   1929 |   1839 |     90 |      0 |   1382 |   4 |  482.2 |
               +--------+--------+--------+--------+--------+-----+--------+

Top non-repeatable levels by time:
     D:1: 986 daAuts
     D:3: 485 daAuts
     D:2: 423 daAuts
     D:4: 33 daAuts
